 Dungeon Crawl Stone Soup version 0.25-a0-364-ge76b031 (webtiles) character file.

Game seed: 18108910256948519765, levelgen mode: deterministic

67 Birdy the Chopper (level 4, 0/33 HPs)
             Began as a Formicid Gladiator on Jan 5, 2020.
             Succumbed to an adder's poison
             ... on level 2 of the Dungeon.
             The game lasted 00:02:15 (1057 turns).

Birdy the Chopper (Formicid Gladiator)              Turns: 1057, Time: 00:02:16

Health: 0/33       AC:  3    Str: 18    XL:     4   Next: 38%
Magic:  4/4        EV: 12    Int: 13    God:
Gold:   73         SH:  0    Dex: 13    Spells: 3/3 levels left

rFire    . . .     SeeInvis +   a - +0 war axe
rCold    . . .     Gourm    .   (no shield)
rNeg     . . .     Faith    .   b - +0 leather armour
rPois    .         Spirit   .   (helmet unavailable)
rElec    .         Reflect  .   (no cloak)
rCorr    .         Harm     .   (no gloves)
MR       .....                  (no boots)
Stlth    +.........             (no amulet)
HPRegen  0.11/turn              (no ring)
MPRegen  0.09/turn              (no ring)

@: brilliant, lethally poisoned (0 -> -2)
A: permanent stasis, dig shafts and tunnels, four strong arms, antennae 3
a: Dig, Shaft Self


You were on level 2 of the Dungeon.
You were hungry.

You visited 1 branch of the dungeon, and saw 2 of its levels.

You collected 73 gold pieces.

Inventory:

Hand Weapons
 a - a +0 war axe (weapon)
Missiles
 c - 3 throwing nets (quivered)
Armour
 b - a +0 leather armour (worn)
Jewellery
 i - an uncursed amulet of the gourmand {unknown}
 j - an uncursed ring of resist corrosion {unknown}
Scrolls
 e - a scroll of blinking
Potions
 f - a potion of might
Comestibles
 d - 3 rations
 h - 2 chunks of flesh


   Skills:
 - Level 2.1 Fighting
 + Level 4.9 Axes
 - Level 2.0 Throwing
 - Level 2.6 Dodging


You had 3 spell levels left.
You didn't know any spells.
Your spell library was empty.

Dungeon Overview and Level Annotations

Branches:
Dungeon (2/15)

Altars:
Nemelex Xobeh


Innate Abilities, Weirdness & Mutations

You cannot be hasted, slowed, berserked, paralysed or teleported.
You can dig through walls and to a lower floor.
Your four strong arms can wield two-handed weapons with a shield.
You have a pair of large antennae on your head. (SInv)


Message History

You feel sick.
* * * LOW HITPOINT WARNING * * *
You feel sick.
Things that are here:
a giant cockroach corpse; a jackal corpse
* * * LOW HITPOINT WARNING * * *
You feel sick.
* * * LOW HITPOINT WARNING * * *
You feel sick.
You see here a ration.
d - 3 rations (gained 1)
* * * LOW HITPOINT WARNING * * *
You feel sick.
Found a stone staircase leading down.
* * * LOW HITPOINT WARNING * * *
You feel sick.
* * * LOW HITPOINT WARNING * * *
You feel sick.
There is a stone staircase leading down here.
You die...

#....## ##.....##
#.####....(..###
#................
#####.......####
+.#########.....##
#..............##
#####>#####.#.##
#@# #...# #.#
#.### ... #.#
##.#. #.# #.#.#
#.# ..# # #.# ###


There were no monsters in sight!

Vanquished Creatures
  An adder (D:2)
  An ooze (D:1)
  3 dart slugs (D:1)
  A leopard gecko (D:1)
  3 bats (D:1)
  2 giant cockroaches (D:2)
  4 goblins (D:1)
  6 hobgoblins (D:1)
  8 jackals
  2 kobolds (D:1)
  A quokka (D:2)
  2 frilled lizards (D:1)
  7 rats
41 creatures vanquished.

Notes
Turn   | Place    | Note
-------+----------+-------------------------------------------
     0 | D:1      | Birdy the Formicid Gladiator began the quest for the Orb.
     0 | D:1      | Reached XP level 1. HP: 16/16 MP: 1/1
    35 | D:1      | Reached XP level 2. HP: 19/22 MP: 2/2
   348 | D:1      | Reached skill level 4 in Axes
   348 | D:1      | Reached XP level 3. HP: 26/27 MP: 3/3
   954 | D:2      | Reached XP level 4. HP: 31/33 MP: 4/4
   997 | D:2      | Found a sparkling altar of Nemelex Xobeh.
  1053 | D:2      | HP: 1/33 [poisoned by an adder]
  1057 | D:2      | Succumbed to an adder's poison

Levels and vault maps discovered:
D:1:      doesnt_arrival_eight_statues, layout_rooms, minivault_4
D:2:      layout_loops_ring, nemelex_xobeh_ov_fountains_minmay,
          chequers_temple_overflow_minitemple, first_ration

Skill      XL: |  1  2 |
---------------+-------+-----
Axes           | 4 |  4.9
Fighting       | |  2.1
Throwing       | |  2.0
Dodging        | |  2.6

Action                   |  1- 3 |  4- 6 || total
-------------------------+-------+-------++-------
Melee: War axe           |    77 |    23 ||   100
  Use: Scroll            |     6 |       ||     6
       Potion            |       |     1 ||     1
 Stab: Sleeping          |     1 |       ||     1
Armor: Leather armour    |    19 |     5 ||    24
Dodge: Dodged            |    67 |    18 ||    85

Table legend:
 A = Non-vault XP
 B = Vault XP
 C = Vault XP percentage of total XP
 D = Non-vault monster count
 E = Vault monster count
 F = Vault count percentage of total count
                 A         B        C        D         E       F
            +---------+---------+-------+---------+---------+-------
      Total |      96 |       0 |   0.0 |      41 |       0 |   0.0
            +---------+---------+-------+---------+---------+-------
        D:1 |      66 |       0 |   0.0 |      31 |       0 |   0.0
        D:2 |      30 |       0 |   0.0 |      10 |       0 |   0.0
            +---------+---------+-------+---------+---------+-------
